 Dungeon Crawl Stone Soup version 0.30-a0-371-gad7725a93e (webtiles) character file.

Game seed: 12969154753795319701

4 McGhostyFace the Cruncher (level 1, 0/13 HPs)
             Began as a Gnoll Wanderer on Nov 22, 2022.
             Slain by a frilled lizard (1 damage)
             ... on level 1 of the Dungeon.
             The game lasted 00:00:45 (81 turns).

McGhostyFace the Cruncher (Gnoll Wanderer)            Turns: 81, Time: 00:00:46

Health: 0/13       AC:  6    Str: 13    XL:     1   Next: 60%
Magic:  4/4        EV:  9    Int:  9    God:
Gold:   10         SH:  0    Dex: 11    Spells: 5/5 levels left

rFire   . . .      SeeInvis .    a - +0 quarterstaff (vorpal)
rCold   . . .      Faith    .    (shield currently unavailable)
rNeg    . . .      Spirit   .    b - +0 scale mail
rPois   .          Reflect  .    (no helmet)
rElec   .          Harm     .    (no cloak)
rCorr   .          Rampage  .    (no gloves)
Will    .....                    (no boots)
Stlth   ..........               (no amulet)
HPRegen 0.22/turn                (no ring)
MPRegen 0.09/turn                (no ring)

@: no status effects
A: fangs 1, strong nose, distributed training
a: no special abilities


You were on level 1 of the Dungeon.
You visited 1 branch of the dungeon, and saw 1 of its levels.

You collected 10 gold pieces.

Inventory:

Hand Weapons
 a - a +0 vorpal quarterstaff (weapon)
 g - a +1 sling of flaming
Armour
 b - a +0 scale mail (worn)
Scrolls
 c - a scroll of fog
Potions
 d - a potion of might {unknown}
 e - a potion of flight {unknown}
 f - a potion of mutation {unknown}


   Skills:
 + Level 0.1 Fighting
 + Level 0.1 Short Blades
 + Level 0.1 Long Blades
 + Level 0.1 Axes
 + Level 0.1 Maces & Flails
 + Level 0.1 Polearms
 + Level 10.4 Staves
 + Level 0.1 Ranged Weapons
 + Level 0.1 Throwing
 + Level 2.4 Armour
 + Level 2.4 Dodging
 + Level 0.1 Stealth
 + Level 0.1 Shields
 + Level 0.1 Unarmed Combat
 + Level 2.6 Spellcasting
 + Level 0.1 Conjurations
 + Level 0.1 Hexes
 + Level 0.1 Summonings
 + Level 3.6 Necromancy
 + Level 0.1 Translocations
 + Level 0.1 Transmutations
 + Level 0.1 Fire Magic
 + Level 0.1 Ice Magic
 + Level 0.1 Air Magic
 + Level 0.1 Earth Magic
 + Level 0.1 Poison Magic
 + Level 0.2 Invocations
 + Level 0.1 Evocations


You had 5 spell levels left.
You didn't know any spells.
Your spell library contained the following spells:

 Spells                   Type           Power      Damage    Failure   Level
 Sublimation of Blood     Necr           7%         N/A       43%         2
 Cigotuvi's Dreadful Rot  Necr/Pois/Air  6%         N/A       77%         2


Dungeon Overview and Level Annotations

Branches:
Dungeon (1/15)

Altars:


Innate Abilities, Weirdness & Mutations

You have very sharp teeth.
Your uncanny sense of smell can sniff out nearby items.
Your experience applies equally to all skills.


Message History

You shoot a sling bullet.
The sling bullet misses the frilled lizard.
The frilled lizard closely misses you.
The frilled lizard bites you but does no damage.
You shoot a sling bullet.
The sling bullet barely misses the frilled lizard.
The frilled lizard bites you.
The frilled lizard bites you but does no damage.
A frilled lizard comes into view.
The frilled lizard bites you. The frilled lizard barely misses you.
The frilled lizard moves out of view.
Fire: g) +1 sling (flame)
Press: ? - help, Q - select action Shift-Dir - straight line, f/p - frilled lizard
Aim: a frilled lizard (29% to hit)
You shoot a sling bullet.
The sling bullet barely misses the frilled lizard.
The frilled lizard bites you but does no damage. x2
Your +1 sling of flaming stops flaming.
a - a +0 vorpal quarterstaff (weapon)
The frilled lizard bites you but does no damage. x2
You closely miss the frilled lizard. The frilled lizard barely misses you.
The frilled lizard bites you.
You are too injured to fight recklessly!
You are too injured to fight recklessly!
You are too injured to fight recklessly!
You are too injured to fight recklessly!
You sock the frilled lizard!
You kill the frilled lizard!
A frilled lizard comes into view.
The frilled lizard bites you but does no damage.
The frilled lizard barely misses you.
The frilled lizard bites you but does no damage.
You see here a frilled lizard corpse.
You miss the frilled lizard. The frilled lizard bites you. x2
* * * LOW HITPOINT WARNING * * *
The frilled lizard bites you but does no damage.
You barely miss the frilled lizard. The frilled lizard bites you.
* * * LOW HITPOINT WARNING * * *
The frilled lizard bites you.
You die...

#..####.##.##
..#####..#........#
...........#.........#
######...##...#..#..#
##......####..#..#
#.....### .#.# .#
#..#...# # .. #
#...#.l.# ... ∆
#.#####@# .... #.
#.ll# # #..#l ...# ..
##.. .## #.. ## #. ..


You could see 4 frilled lizards.

Vanquished Creatures
  An endoplasm (D:1)
  A hobgoblin (D:1)
  2 frilled lizards (D:1)
4 creatures vanquished.

Vanquished Creatures (others)
  A plant (D:1)
1 creature vanquished.

Grand Total: 5 creatures vanquished

Notes
Turn   | Place    | Note
-------+----------+-------------------------------------------
     0 | D:1      | Reached skill level 10 in Staves
     0 | D:1      | McGhostyFace the Gnoll Wanderer began the quest for the
                  | Orb.
     0 | D:1      | McGhostyFace set off with the following items: a +0 vorpal
                  | quarterstaff, a +0 scale mail, a scroll of fog; and the
                  | following spells available to memorise: Sublimation of
                  | Blood, Cigotuvi's Dreadful Rot.
     0 | D:1      | Reached XP level 1. HP: 13/13 MP: 4/4
    81 | D:1      | Slain by a frilled lizard

Illustrated notes

Levels and vault maps discovered:
D:1:      kennysheep_arrival_forest, layout_loops_cross, minmay_lizard_king

Skill      XL: | |
---------------+-+-----
Staves         | | 10.4
Fighting       | |  0.1
Short Blades   | |  0.1
Long Blades    | |  0.1
Axes           | |  0.1
Maces & Flails | |  0.1
Polearms       | |  0.1
Ranged Weapons | |  0.1
Throwing       | |  0.1
Armour         | |  2.4
Dodging        | |  2.4
Stealth        | |  0.1
Shields        | |  0.1
Unarmed Combat | |  0.1
Spellcasting   | |  2.6
Conjurations   | |  0.1
Hexes          | |  0.1
Summonings     | |  0.1
Necromancy     | |  3.6
Translocations | |  0.1
Transmutations | |  0.1
Fire Magic     | |  0.1
Ice Magic      | |  0.1
Air Magic      | |  0.1
Earth Magic    | |  0.1
Poison Magic   | |  0.1
Invocations    | |  0.2
Evocations     | |  0.1

Action                   || total
-------------------------++-------
Melee: Quarterstaff      ||     6
 Fire: Sling             ||     8
Armor: Scale mail        ||    11
Dodge: Dodged            ||     7

Table legend: (Time is in decaauts)
 A = Elapsed time spent in this place.
 B = Non-inter-level travel time spent in this place.
 C = Inter-level travel time spent in this place.
 D = Time resting spent in this place.
 E = Time spent auto-exploring this place.
 F = Levels seen in this place.
 G = Mean time per level.
                   A        B        C        D        E       F      G
               +--------+--------+--------+--------+--------+-----+--------+
         Total |     83 |     83 |      0 |      0 |     50 |   1 |   83.0 |
       Dungeon |     83 |     83 |      0 |      0 |     50 |   1 |   83.0 |
               +--------+--------+--------+--------+--------+-----+--------+

Top non-repeatable levels by time:
     D:1: 83 daAuts
